 Dungeon Crawl Stone Soup version 0.30-a0-756-gc2185399d4 (webtiles) character file.

Game seed: 81765545340866975

167 Dirtsage the Slasher (level 5, -3/38 HPs)
             Began as a Merfolk Gladiator on Feb 9, 2023.
             Slain by Edmund
             ... wielding a +2 flail of protection
              (5 damage)
             ... on level 4 of the Dungeon.
             The game lasted 00:03:51 (2725 turns).

Dirtsage the Slasher (Merfolk Gladiator)            Turns: 2725, Time: 00:03:51

Health: -3/38      AC:  4    Str: 14    XL:     5   Next: 48%
Magic:  5/5        EV: 13    Int:  8    God:
Gold:   131        SH:  0    Dex: 17    Spells: 4/4 levels left

rFire   . . .      SeeInvis .    a - +0 long sword
rCold   . . .      Faith    .    (no shield)
rNeg    . . .      Spirit   .    b - +0 leather armour
rPois   .          Reflect  .    c - +0 helmet
rElec   .          Harm     .    (no cloak)
rCorr   .          Rampage  .    (no gloves)
Will    .....                    (no boots)
Stlth   +                        (no amulet)
HPRegen 0.26/turn                (no ring)
MPRegen 0.09/turn                (no ring)

@: confused
A: (nimble swimmer 2), mertail
a: no special abilities


You were on level 4 of the Dungeon.
You visited 1 branch of the dungeon, and saw 4 of its levels.

You collected 171 gold pieces.
You spent 40 gold pieces at shops.

Inventory:

Hand Weapons
 a - a +0 long sword (weapon)
Missiles
 d - 2 throwing nets (quivered)
 e - a javelin
Armour
 b - a +0 leather armour (worn)
 c - a +0 helmet (worn)
 u - a +0 cloak
Magical Staves
 f - a staff of air
 l - a staff of fire
Jewellery
 v - an amulet of magic regeneration
 W - a ring of wizardry
Scrolls
 g - a scroll of blinking {unknown}
 h - 3 scrolls of enchant armour {unknown}
 i - 4 scrolls of identify
 m - 2 scrolls of fog {unknown}
 n - 2 scrolls of teleportation {unknown}
 o - a scroll of amnesia {unknown}
 r - a scroll of immolation {unknown}
 s - a scroll of magic mapping {unknown}
 t - a scroll of fear {unknown}
Potions
 j - a potion of attraction {unknown}
 k - 2 potions of brilliance {unknown}
 p - a potion of heal wounds {unknown}
 q - a potion of cancellation {unknown}


   Skills:
 - Level 2.1 Fighting
 + Level 7.2 Long Blades
 - Level 2.0 Throwing
 - Level 4.0 Dodging


You had 4 spell levels left.
You didn't know any spells.
Your spell library contained the following spells:

 Spells                   Type           Power      Damage    Failure   Level
 Shock                    Conj/Air       0%         1d3       50%         1
 Swiftness                Air            0%         N/A       86%         3
 Airstrike                Air            0%         2d(0-16)  99%         4


Dungeon Overview and Level Annotations

Branches:
Dungeon (4/15)
 Temple: D:4-7

Altars:
Okawaru

Shops:
D:2 ?

Annotations:
D:4 Edmund


Innate Abilities, Weirdness & Mutations

((You are very nimble when in or above water. (Stealth+, EV+, Speed+++)))
Your lower body shifts to a powerful aquatic tail in water.


Message History

* * * LOW HITPOINT WARNING * * *
You take 15 damage, and have 11/38 hp.
MASSIVE DAMAGE!!
You completely miss the orc wizard.
The orc wizard is almost dead.
The orc wizard misses you. Edmund closely misses you.
You hit the orc wizard but do no damage.
You punch the orc wizard.
You kill the orc wizard!
Edmund hits you with a +2 flail of protection.
* * * LOW HITPOINT WARNING * * *
Your Long Blades skill increases to level 7!
You take 4 damage, and have 7/38 hp.
You hit the orc.
The orc is almost dead.
The orc hits you with a +0 dagger.
* * * LOW HITPOINT WARNING * * *
Edmund closely misses you.
You hit the orc.
You kill the orc!
The kobold throws a poisoned dart.
The poisoned dart closely misses you.
The poisoned dart closely misses Edmund.
Edmund misses you.
You closely miss something. Something hits you but does no damage.
The kobold throws a poisoned dart.
The poisoned dart barely misses you.
The poisoned dart barely misses Edmund.
Edmund says, "A flail is better than a scythe, any day of the week!"
Edmund hits you with a +2 flail of protection.
* * * LOW HITPOINT WARNING * * *
You take 4 damage, and have 3/38 hp.
You hit something but do no damage. Something hits you.
* * * LOW HITPOINT WARNING * * *
The kobold throws a poisoned dart.
The poisoned dart misses you.
The poisoned dart hits Edmund!
Edmund is poisoned.
Edmund misses you.
You take 1 damage, and have 2/38 hp.
You hit something. Something barely misses you. Edmund completely misses you.
You hit something.
You hear some strange, mumbled words.
You are confused.
Edmund hits you with a +2 flail of protection.
You die...

..###(.## ..
...#....######...
..###............ #
.## ##.........# ..
..# #.......#..#
##... .##
##......#..####.....
##
##.#.....<.........
# ####.#....@.......
####../@# #
####.#..###{......
## ##.#.....#
....... .##
##.......## K......
..# #........#
....... .##
##....#.## .......
..###....#..#
.......
...#....##>##
....... ..###......#


You could see Edmund (very poisoned) and a kobold.

Vanquished Creatures
  Terence (D:2)
  An orc wizard (D:4)
  3 adders
  3 worms
  A dart slug (D:2)
  6 orcs
  6 ball pythons
  3 bats
  4 endoplasms
  3 giant cockroaches
  6 goblins
  4 hobgoblins
  8 jackals
  7 kobolds
  A quokka (D:4)
  4 frilled lizards
  11 rats
72 creatures vanquished.

Vanquished Creatures (others)
  17 plants (D:4)
17 creatures vanquished.

Grand Total: 89 creatures vanquished

Notes
Turn   | Place    | Note
-------+----------+-------------------------------------------
     0 | D:1      | Dirtsage the Merfolk Gladiator began the quest for the Orb.
     0 | D:1      | Reached XP level 1. HP: 16/16 MP: 1/1
    75 | D:1      | Reached skill level 4 in Long Blades
   133 | D:1      | Reached XP level 2. HP: 20/22 MP: 2/2
   727 | D:2      | Reached skill level 5 in Long Blades
   727 | D:2      | Reached XP level 3. HP: 27/27 MP: 3/3
  1234 | D:2      | Reached XP level 4. HP: 28/33 MP: 4/4
  1278 | D:2      | Noticed Terence
  1298 | D:2      | Killed Terence
  1299 | D:2      | Reached skill level 6 in Long Blades
  1442 | D:2      | Found a faded altar of an unknown god.
  1472 | D:2      | Found Ninynam's Magic Scroll Emporium.
  1486 | D:2      | Bought a scroll of identify for 20 gold pieces
  1486 | D:2      | Bought a scroll of identify for 20 gold pieces
  1608 | D:3      | Found an iron altar of Okawaru.
  1805 | D:3      | Reached XP level 5. HP: 38/38 MP: 5/5
  2467 | D:4      | Noticed Edmund
  2720 | D:4      | Reached skill level 7 in Long Blades
  2725 | D:4      | Slain by Edmund

Illustrated notes

Levels and vault maps discovered:
D:1:      dpeg_arrival_prison, layout_rooms
D:2:      layout_rooms, shapermc_ecumenical_altar_mp_vishouse, serial_shops,
          nicolae_lakefront_shop, uniq_terence
D:3:      layout_basic, okawaru_gym_becter, minmay_liquid_box
D:4:      wad_lake_hut, layout_cave_pods, overflow_temple_1_default,
          nicolae_figureground_sparkle, uniq_edmund

Skill      XL: |  1  2  3  4  5 |
---------------+----------------+-----
Long Blades    | 4 5 6 7 |  7.2
Fighting       | |  2.1
Throwing       | |  2.0
Dodging        | |  4.0

Action                     |  1- 3 |  4- 6 || total
---------------------------+-------+-------++-------
  Melee: Long sword        |    96 |   138 ||   234
         Punch             |     1 |     3 ||     4
  Throw: Throwing net      |       |     1 ||     1
   Stab: Sleeping          |     2 |     2 ||     4
         Held in net/web   |       |     2 ||     2
 Armour: Leather armour    |    31 |    31 ||    62
  Dodge: Dodged            |    66 |   102 ||   168

Table legend: (Time is in decaauts)
 A = Elapsed time spent in this place.
 B = Non-inter-level travel time spent in this place.
 C = Inter-level travel time spent in this place.
 D = Time resting spent in this place.
 E = Time spent auto-exploring this place.
 F = Levels seen in this place.
 G = Mean time per level.
                   A        B        C        D        E       F      G
               +--------+--------+--------+--------+--------+-----+--------+
         Total |   2748 |   2681 |     67 |      0 |   2175 |   4 |  687.0 |
       Dungeon |   2748 |   2681 |     67 |      0 |   2175 |   4 |  687.0 |
               +--------+--------+--------+--------+--------+-----+--------+

Top non-repeatable levels by time:
     D:2: 922 daAuts
     D:3: 776 daAuts
     D:1: 691 daAuts
     D:4: 357 daAuts
